 Dungeon Crawl Stone Soup version 0.29-a0-728-g6bb282b620 (webtiles) character file.

Game seed: 11740149959498876070

135 Bruhh the Caller (level 5, 0/35 HPs)
             Began as a Barachi Summoner on June 29, 2022.
             Slain by Pikel
             ... wielding a +0 whip of flaming
              (8 damage)
             ... on level 3 of the Dungeon.
             The game lasted 00:05:06 (3080 turns).

Bruhh the Caller (Barachi Summoner)                 Turns: 3080, Time: 00:05:06

Health: 0/35       AC:  6    Str:  9    XL:     5   Next: 18%
Magic:  11/11      EV: 12    Int: 18    God:
Gold:   177        SH:  0    Dex: 12    Spells: 9/12 levels left

rFire   . . .      SeeInvis .   g - +1 dagger
rCold   . . .      Faith    .   (no shield)
rNeg    . . .      Spirit   .   a - +0 robe
rPois   .          Reflect  .   e - +1 helmet
rElec   .          Harm     .   (no cloak)
rCorr   .          Rampage  .   f - +0 pair of gloves
Will    .....                   c - +0 pair of boots
Stlth   ++........              (no amulet)
HPRegen 0.11/turn               (no ring)
MPRegen 0.12/turn               (no ring)

@: weak-willed, slow
A: amphibious, slowness 1, strong legs 1, +LOS
a: Hop


You were on level 3 of the Dungeon.
You visited 1 branch of the dungeon, and saw 4 of its levels.

You collected 177 gold pieces.

Inventory:

Hand Weapons
 g - a +1 dagger (weapon)
Armour
 a - a +0 robe (worn)
 c - a +0 pair of boots (worn)
 e - a +1 helmet (worn)
 f - a +0 pair of gloves (worn)
Jewellery
 n - an amulet of regeneration
 y - a ring of protection from fire
Wands
 t - a wand of digging (5)
 z - a wand of iceblast (9)
Scrolls
 k - a scroll of noise
 l - a scroll of brand weapon {unknown}
 o - a scroll of vulnerability
 r - a scroll of enchant weapon
 u - a scroll of fog
Potions
 b - a potion of magic
 h - 2 potions of mutation {unknown}
 j - 2 potions of curing
 p - a potion of might {unknown}
 q - a potion of heal wounds {unknown}
 s - a potion of cancellation {unknown}
 v - a potion of flight {unknown}
 w - a potion of ambrosia {unknown}
 x - a potion of haste {unknown}


   Skills:
 - Level 2.1 Dodging
 - Level 1.7 Stealth
 + Level 4.4 Spellcasting
 - Level 6.0 Summonings


You had 9 spell levels left.
You knew the following spells:

 Your Spells              Type           Power      Damage    Failure   Level
a - Summon Small Mammal   Summ           100%       N/A       1%          1
b - Call Imp              Summ           25%        N/A       1%          2

Your spell library contained the following spells:

 Spells                   Type           Power      Damage    Failure   Level
 Call Canine Familiar     Summ           25%        N/A       3%          3
 Summon Guardian Golem    Hex/Summ       14%        N/A       12%         3
 Necrotize                Necr           12%        1d4       14%         1
 Slow                     Hex            12%        N/A       14%         1
 Vampiric Draining        Necr           3%         2d6       38%         3
 Summon Lightning Spire   Summ/Air       14%        N/A       38%         4
 Agony                    Necr           3%         N/A       98%         5


Dungeon Overview and Level Annotations

Branches:
Dungeon (4/15)
 Temple: D:4-7

Altars:
Makhleb

Shops:
D:1 *   D:3 (

Annotations:
D:3 Pikel


Innate Abilities, Weirdness & Mutations

You are amphibious.
You cover ground slowly.
You can hop short distances.
You have an extended range of vision and can be seen from far away.


Message History

You feel momentarily disoriented.
It was a scroll of magic mapping.
The gnoll barely misses you. Pikel closely misses you.
The air fills with toxic fumes!
As you read the scroll labelled NAEBUP BEWI, it crumbles to dust.
It was a scroll of poison.
The gnoll hits you with a +0 club.
Pikel hits you with a +0 whip of flaming.
Pikel burns you.
As you read the scroll labelled XEDAGU WIERRAC, it crumbles to dust.
It is a scroll of identify.
k - a scroll of noise The gnoll hits you with a +0 club.
Pikel hits you with a +0 whip of flaming!
* * * LOW HITPOINT WARNING * * *
Pikel burns you.
* * * LOW HITPOINT WARNING * * *
Really read the scroll of noise?
Okay, then.
It was a potion of curing.
You feel better. The gnoll hits you with a +0 club!
* * * LOW HITPOINT WARNING * * *
Pikel closely misses you.
You feel better. The gnoll hits you with a +0 club. Pikel barely misses you.
Casting: Summon Small Mammal (safe; 1% risk of failure)
Confirm with . or Enter, or press ? or * to list all spells.
Okay, then.
As you read the scroll labelled VEDINO IPHIUH, it crumbles to dust.
Magic quickly surges around you.
It was a scroll of vulnerability.
The gnoll barely misses you.
Pikel hits you with a +0 whip of flaming.
Pikel burns you.
As you read the scroll labelled MAOHIU WI YLU, it crumbles to dust.
It is a scroll of enchant weapon.
Your +0 dagger glows red for a moment.
The gnoll hits you with a +0 club.
* * * LOW HITPOINT WARNING * * *
Pikel hits you but does no damage.
As you read the scroll labelled SUTANO FETS, it crumbles to dust.
The scroll dissolves into smoke.
It was a scroll of fog.
The gnoll hits you with a +0 club.
* * * LOW HITPOINT WARNING * * *
Pikel hits you with a +0 whip of flaming!
You die...

.###....☼☼§§§§☼§§§#
#.†.# # .#
#..[.§§§§§§§§§§#
###.####### .#
#....☼§§☼§§☼§§☼#
#.........# .#
#....§§§☼§§☼§§§#
#.#.......# .#
#.....§§§§§§§§§#
#.######### ##
#.......§§§§§§§#
#.#........ #
#.........§§§§§#
#.#.####### #
#.......####Kg##
#...# # #.......#
#§@# ##### #
#.......#####§# #
#.......#...§☼# #
#######.#.##### #
#......##### #
#..........# #
#..........#
#..........#
#..........#


You could see Pikel (weak-willed) and a gnoll (weak-willed).

Vanquished Creatures
  2 bats
  An endoplasm (D:3)
  A giant cockroach (D:2)
  3 goblins
  A quokka (D:2)
  A frilled lizard (D:2)
  2 kobolds (D:2)
  A rat (D:1)
12 creatures vanquished.

Vanquished Creatures (collateral kills)
  Jessica (D:2)
  2 adders (D:2)
  4 gnolls
  2 dart slugs
  2 bats (D:1)
  4 endoplasms
  2 goblins
  4 hobgoblins (D:1)
  3 quokkas (D:2)
  A ball python (D:2)
  2 frilled lizards (D:1)
  4 kobolds (D:1)
  4 rats
35 creatures vanquished.

Vanquished Creatures (others)
  A bat (D:2)
1 creature vanquished.

Grand Total: 48 creatures vanquished

Notes
Turn   | Place    | Note
-------+----------+-------------------------------------------
     0 | D:1      | Bruhh the Barachi Summoner began the quest for the Orb.
     0 | D:1      | Reached XP level 1. HP: 13/13 MP: 3/3
   176 | D:1      | Reached skill level 5 in Summonings
   351 | D:1      | Reached XP level 2. HP: 17/19 MP: 1/5
   632 | D:1      | Found Cexusyid's Assorted Antiques.
   849 | D:1      | Reached XP level 3. HP: 24/24 MP: 3/7
   852 | D:1      | Learned a level 2 spell: Call Imp
  1075 | D:1      | You fall into a shaft and drop 1 floor!
  1620 | D:2      | Reached XP level 4. HP: 30/30 MP: 7/9
  1810 | D:2      | Reached skill level 6 in Summonings
  2282 | D:2      | Noticed Jessica
  2293 | D:2      | Killed Jessica
  2294 | D:2      | Reached XP level 5. HP: 27/35 MP: 7/11
  2372 | D:2      | Got Jessica's Almanac of Bewitchment
  2439 | D:3      | Found Hakk's Weapon Boutique.
  2559 | D:3      | Found a burning altar of Makhleb.
  3007 | D:4      | Noticed a lemure
  3068 | D:4      | Noticed Pikel
  3068 | D:4      | Noticed a lemure
  3068 | D:4      | Noticed a lemure
  3068 | D:4      | Noticed a lemure
  3080 | D:3      | Slain by Pikel

Illustrated notes

Levels and vault maps discovered:
D:1:      minmay_arrival_cross, layout_basic, serial_shops, shop,
          hellmonk_ecumenical_altar_pennies_from_heaven,
          chequers_serial_rivers_micro_b
D:2:      layout_loops_cross, kennysheep_jessica_study
D:3:      layout_basic, bloody_makhleb, serial_shops, nicolae_shop_trees
D:4:      layout_rooms, lemuel_crystal_altar,
          mainiacjoe_overflow_large_starburst, minmay_temple_entry_crystal_x,
          ebering_ghost_sewer_d, guppyfry_early_lair_pool, uniq_pikel,
          uniq_sigmund

Skill      XL: |  1  2  3  4 |
---------------+-------------+-----
Summonings     | 5 6 |  6.0
Spellcasting   | 3 4 |  4.4
Dodging        | |  2.1
Stealth        | |  1.7

Action                   |  1- 3 |  4- 6 || total
-------------------------+-------+-------++-------
Melee: Unarmed           |    12 |       ||    12
       Punch             |     1 |       ||     1
       Dagger            |    39 |    27 ||    66
 Cast: Summon Small Mamm |    68 |    30 ||    98
       Call Imp          |     2 |     3 ||     5
  Use: Scroll            |       |     6 ||     6
       Potion            |       |     2 ||     2
 Stab: Distracted        |       |     2 ||     2
       Sleeping          |       |     1 ||     1
Armor: Robe              |    40 |    22 ||    62
Dodge: Dodged            |    63 |    46 ||   109

Table legend: (Time is in decaauts)
 A = Elapsed time spent in this place.
 B = Non-inter-level travel time spent in this place.
 C = Inter-level travel time spent in this place.
 D = Time resting spent in this place.
 E = Time spent auto-exploring this place.
 F = Levels seen in this place.
 G = Mean time per level.
                   A        B        C        D        E       F      G
               +--------+--------+--------+--------+--------+-----+--------+
         Total |   3416 |   3194 |    222 |      0 |   2612 |   4 |  854.0 |
       Dungeon |   3416 |   3194 |    222 |      0 |   2612 |   4 |  854.0 |
               +--------+--------+--------+--------+--------+-----+--------+

Top non-repeatable levels by time:
     D:2: 1488 daAuts
     D:1: 1175 daAuts
     D:3: 743 daAuts
     D:4: 8 daAuts
